Map: Odyssée EC

Players

zidar - Winner!

  • Race: Zerg Zerg
  • League: Gold
  • Spawn Location: 5:00

Lungos

  • Race: Protoss Protoss
  • League: Platinum
  • Spawn Location: 11:00

VOD

Have the link to the VOD?

Description

Time

  • Played on: July 9, 2017, 3:06 p.m.
  • Length: 12:43
Show
View Real Time Build Order
Export as new Build Order

zidar Zerg - Winner!

Build Orders: Pool First 

Get SALT Encoding   

  12  0:01  Drone  
  13  0:12  Overlord  
  13  0:17  Drone  
  14  0:30  Drone  
  14  0:31  Drone  
  14  0:34  Drone  
  17  0:46  Spawning Pool  
  17  0:49  Drone  
  17  1:19  Hatchery  
  17  1:21  Drone x3  
  19  1:32  Queen  
  21  1:37  Overlord  
  21  1:45  Drone  
  22  1:48  Extractor  
  21  2:01  Zergling x2  
  21  2:05  Drone  
  23  2:11  Queen  
  25  2:19  Zergling x2  
  25  2:54  Roach Warren  
  25  2:56  Drone x8  
  31  3:07  Queen  
  31  3:10  Overlord x2  
  33  3:24  Drone x2  
  33  3:25  Drone  
  36  3:31  Extractor  
  35  3:35  Drone x4  
  35  3:36  Drone  
  41  3:51  Overlord  
  41  3:52  Drone x4  
  41  3:53  Drone x2  
  47  3:57  Extractor  
  45  4:50  Hatchery  
  44  4:57  Extractor  
  43  5:06  Extractor, Drone x2  
  43  5:07  Drone x4  
  45  5:11  Drone x9  
  57  5:15  Overlord  
  57  5:44  Lair  
  57  5:55  Evolution Chamber  
  56  5:57  Evolution Chamber  
  55  6:10  Pneumatized Carapace  
  55  6:26  Zerg Missile Weapons Level 1  
  55  6:28  Zerg Ground Armor Level 1  
  55  6:32  Roach x7  
  73  6:33  Roach x2  
  73  6:44  Overlord x2  
  73  6:45  Overlord  
  72  7:11  Hydralisk Den, Drone  
  72  7:12  Drone x2  
  72  7:13  Drone  
  75  7:15  Overlord  
  75  7:16  Overlord x2  
  75  7:29  Extractor x2  
  73  7:36  Baneling Nest  
  70  7:46  Overseer  
  70  7:49  Hydralisk x11  
  70  7:50  Hydralisk x10  
  112  8:10  Drone  
  113  8:13  Overlord x4  
  113  8:20  Zerg Missile Weapons Level 2  
  113  8:22  Centrifical Hooks  
  113  8:27  Zerg Ground Armor Level 2  
  113  8:47  Drone x2  
  113  8:48  Drone x5  
  119  8:49  Hatchery, Drone x4  
  119  9:13  Roach x10  
  139  9:29  Muscular Augments  
  139  9:30  Glial Reconstitution  
  139  9:38  Infestation Pit  
  138  9:41  Overlord x3  
  138  9:59  Zergling x10  
  148  10:00  Zergling x24  
  155  10:14  Hive  
  155  10:26  Baneling  
  155  10:28  Baneling x15  
  155  10:29  Baneling x9  
  155  10:31  Metabolic Boost  
  155  10:59  Lurker Den  
  155  11:09  Spire  
  154  11:31  Roach x3  
  154  11:32  Roach x7  
Show
View Real Time Build Order
Export as new Build Order

Lungos Protoss 

Build Orders:  

Get SALT Encoding   

  12  0:01  Probe (Chrono Boost)  
  13  0:11  Probe (Chrono Boost)  
  14  0:21  Pylon  
  14  0:40  Gateway  
  14  0:46  Forge  
  14  0:52  Pylon  
  14  0:57  Probe (Chrono Boost)  
  15  1:08  Probe (Chrono Boost)  
  17  1:18  Probe (Chrono Boost)  
  17  1:25  Photon Cannon  
  17  1:31  Cybernetics Core  
  17  1:37  Zealot  
  19  1:43  Assimilator  
  19  1:48  Assimilator  
  19  2:22  Nexus  
  19  2:27  Warp Gate (Chrono Boost)  
  19  2:38  Mothership Core  
  21  2:59  Probe  
  21  3:01  Protoss Ground Weapons Level 1  
  22  3:06  Adept  
  22  3:11  Probe  
  25  3:29  Gateway  
  25  3:32  Gateway  
  25  3:42  Adept  
  25  3:46  Probe  
  28  3:53  Probe  
  29  3:56  Probe  
  29  4:02  Pylon  
  30  4:05  Probe  
  31  4:29  Probe  
  30  4:38  Pylon  
  30  4:41  Robotics Facility, Probe  
  31  4:51  Stalker x2  
  35  4:53  Probe  
  35  4:54  Sentry, Protoss Ground Armor Level 1 (Chrono Boost)  
  38  5:02  Probe  
  38  5:05  Probe  
  40  5:14  Probe  
  41  5:17  Stalker  
  41  5:18  Sentry  
  41  5:20  Sentry  
  47  5:25  Probe  
  47  5:26  Probe  
  49  5:32  Observer  
  50  5:37  Probe  
  51  5:49  Probe  
  52  5:51  Probe  
  52  5:53  Immortal (Chrono Boost)  
  57  6:01  Probe  
  57  6:03  Probe  
  59  6:13  Probe  
  59  6:14  Pylon  
  59  6:15  Probe  
  59  6:17  Pylon  
  61  6:21  Assimilator  
  61  6:24  Assimilator  
  61  6:33  Immortal (Chrono Boost)  
  61  6:34  Stalker x2  
  61  6:36  Stalker  
  71  7:02  Twilight Council  
  71  7:04  Stalker x2  
  71  7:06  Zealot  
  77  7:41  Nexus  
  77  8:00  Pylon, Robotics Bay, Blink  
  77  8:01  Protoss Ground Weapons Level 2  
  77  8:03  Pylon  
  77  8:06  Gateway  
  77  8:08  Gateway  
  77  8:13  Pylon  
  77  8:16  Pylon  
  77  8:17  Pylon  
  77  8:20  Stalker x2, Pylon  
  77  8:21  Stalker  
  87  8:34  Immortal (Chrono Boost)  
  87  8:39  Probe  
  88  8:47  Stalker x2  
  92  8:51  Probe  
  85  9:03  Probe  
  85  9:09  Extended Thermal Lance (Chrono Boost)  
  79  9:11  Colossus (Chrono Boost)  
  79  9:13  Sentry  
  79  9:16  Sentry  
  89  9:22  Pylon  
  89  9:38  Assimilator  
  89  9:41  Assimilator  
  89  9:42  Probe  
  89  9:44  Photon Cannon  
  90  9:51  Colossus (Chrono Boost)  
  90  9:52  Probe  
  90  9:56  Stalker x2  
  90  9:58  Sentry  
  103  10:03  Probe  
  104  10:19  Pylon  
  104  10:23  Probe, Pylon  
  104  10:27  Pylon  
  105  10:32  Probe  
  105  10:33  Probe  
  107  10:36  Pylon  
  107  10:37  Colossus, Probe  
  108  10:43  Pylon  
  108  10:44  Probe x2  
  108  10:46  Templar Archives  
  108  10:49  Probe  
  117  10:54  Probe  
  118  11:02  Pylon  
  118  11:07  Stalker x2  
  118  11:08  Sentry  
  118  11:10  Probe  
  125  11:21  Probe  
  125  11:24  Colossus  
  126  11:31  Probe  
  132  11:36  Gravitic Boosters (Chrono Boost)  
  132  11:38  Zealot x2  
  132  11:39  Zealot x3  
  81  12:16  Zealot x2  
  81  12:17  Zealot x3  
  55  12:38  Stalker x3  
Tags
 
Matchup
PvZ
Opening
Pool First
Spawn Locations
Cross Positions
Add a new tag
Caveats
  • Supply blocks, unpowered buildings, or Contaminate may cause inaccurate times.
  • Supply counts are checked every 10 seconds.